 Dungeon Crawl Stone Soup version 0.30-a0-187-gd9c2deaf24 (webtiles) character file.

Game seed: 6465902345153809328

816 kae the Firebug (level 7, -8/36 HPs)
             Began as a Deep Elf Fire Elementalist on Oct 3, 2022.
             Was a Follower of Vehumet.
             Mangled by an ogre
             ... wielding a +0 giant club
              (11 damage)
             ... on level 5 of the Dungeon.
             The game lasted 00:03:03 (4634 turns).

kae the Firebug (Deep Elf Fire Elementalist)        Turns: 4634, Time: 00:03:03

Health: -8/36      AC:  3    Str:  5    XL:     7   Next: 62%
Magic:  12/17      EV: 12    Int: 22    God:    Vehumet [*.....]
Gold:   206        SH:  0    Dex: 15    Spells: 4/17 levels left

rFire   . . .      SeeInvis .    (no weapon)
rCold   . . .      Faith    .    (no shield)
rNeg    . . .      Spirit   .    a - +1 robe
rPois   .          Reflect  .    (no helmet)
rElec   .          Harm     .    (no cloak)
rCorr   .          Rampage  .    (no gloves)
Will    +....                    (no boots)
Stlth   ++........               (no amulet)
HPRegen 0.26/turn                k - ring of willpower
MPRegen 0.15/turn                (no ring)

@: no status effects
A: no striking features
a: Renounce Religion


You were on level 5 of the Dungeon.
You worshipped Vehumet.
Vehumet was aware of your devotion.
You visited 1 branch of the dungeon, and saw 5 of its levels.

You collected 206 gold pieces.


   Skills:
 - Level 2.4 Dodging
 - Level 2.4 Stealth
 + Level 5.8 Spellcasting
 * Level 5.9 Conjurations
 * Level 6.8 Fire Magic


You had 4 spell levels left.
You knew the following spells:

 Your Spells              Type           Power      Damage    Failure   Level
a - Foxfire               Conj/Fire      100%       2x1d9     1%          1
b - Scorch                Fire           72%        2d8       1%          2
c - Inner Flame           Hex/Fire       21%        N/A       7%          3
d - Kindle Blastsparks    Fire/Tloc/Air  32%        2d12      11%         3
e - Flame Wave            Conj/Fire      34%        2d10      7%          4

Your spell library contained the following spells:

 Spells                   Type           Power      Damage    Failure   Level
 Magic Dart               Conj           100%       1d8       1%          1
 Cigotuvi's Dreadful Rot  Necr/Pois/Air  12%        N/A       14%         2
 Poisonous Vapours        Pois/Air       12%        N/A       14%         2

Inventory:

Missiles
 d - 25 stones
 g - 8 poisoned darts
Armour
 a - a +1 robe (worn)
Jewellery
 k - a ring of willpower (left hand)
   (You found it on level 2 of the Dungeon)
Wands
 e - a wand of paralysis (6)
   (You found it on level 4 of the Dungeon)
Scrolls
 h - a scroll of amnesia
 i - a scroll of brand weapon {unknown}
 l - a scroll of vulnerability {!r!r}
Potions
 b - a potion of magic
 c - 2 potions of degeneration {!q}
 f - 3 potions of resistance
 j - a potion of ambrosia
 m - a potion of might
 q - a potion of berserk rage {!q}
 r - a potion of lignification {!q}

Dungeon Overview and Level Annotations

Branches:
Dungeon (5/15) Zot: 25365
 Temple: D:4-7

Altars:
Elyvilon
Fedhas
Kikubaaqudgha
Vehumet
Zin
The Shining One

Annotations:
D:4 3 runed translucent doors, Blork the orc; Edmund; MoonlitKnight's ghost, amateur DEAE

.<....... .##.#... . ###
....#.#. .. ....
#...#.#. .## ...#
#.#.#.#. ... .##.#
#.#.#.#.
#####.###.##[####.#.#.##
.......$..##.##.....#.#
####.O@####.##.#...†.##
....?...................
###############.########
#.........# #.###.#####
#.# ###


You could see an ogre.


Message History

MASSIVE DAMAGE!! (PAUSE)
You lost 1 mp, and now have 11/16 mp.
An ice beast is nearby!
Casting: Scorch (safe; 1% risk of failure)
Confirm with . or Enter, or press ? or * to list all spells.
Flames lash the ice beast.
The ice beast melts!
You kill the ice beast!
Vehumet accepts your kill.
Key pressed, stopping explore.
Casting: Scorch (safe; 1% risk of failure)
Confirm with . or Enter, or press ? or * to list all spells.
You can't see any susceptible monsters within range! (Use Z to cast anyway.) 😎 HP[+12] MP[+6]
Your hp is fully restored (36).
Your mp is fully restored (17).
Found a stone staircase leading up.
Prince Ribbit comes into view.
Prince Ribbit gives a loud, deep croak!
Casting: Scorch (safe; 1% risk of failure)
Confirm with . or Enter, or press ? or * to list all spells.
Flames lash Prince Ribbit.
Prince Ribbit's fire resistance burns away.
Prince Ribbit blinks! 😎 MP[-2]
You lost 2 mp, and now have 15/17 mp.
Casting: Scorch (safe; 1% risk of failure)
Confirm with . or Enter, or press ? or * to list all spells.
Flames lash Prince Ribbit.
Prince Ribbit is burned terribly!
Prince Ribbit hits you but does no damage.
Prince Ribbit closely misses you. 😎 MP[-2]
You lost 2 mp, and now have 13/17 mp.
Casting: Scorch (safe; 1% risk of failure)
Confirm with . or Enter, or press ? or * to list all spells.
Flames lash Prince Ribbit.
Prince Ribbit is burned terribly!
Prince Ribbit blinks! 😎 MP[-1]
You lost 1 mp, and now have 12/17 mp.
Unknown command.
Casting: Scorch (safe; 1% risk of failure)
Confirm with . or Enter, or press ? or * to list all spells.
You can't see any susceptible monsters within range! (Use Z to cast anyway.) Prince Ribbit is nearby!
Prince Ribbit is nearby!
Prince Ribbit is nearby!
Casting: Scorch (safe; 1% risk of failure)
Confirm with . or Enter, or press ? or * to list all spells.
Flames lash Prince Ribbit.
Prince Ribbit is burned terribly!
You kill Prince Ribbit!
Vehumet accepts your kill.
Prince Ribbit returns to his original shape as he dies. 😎 MP[-2]
You lost 2 mp, and now have 10/17 mp.
Casting: Scorch (safe; 1% risk of failure)
Confirm with . or Enter, or press ? or * to list all spells.
You can't see any susceptible monsters within range! (Use Z to cast anyway.)
i - a scroll labelled CASUMI YCHEGA
d - 25 stones (gained 4)
You see here the human corpse of Prince Ribbit.
An ogre comes into view.
It is wielding a +0 giant club. 😎 MP[+7]
Your mp is fully restored (17).
Unknown command.
An ogre is nearby!
An ogre is nearby!
An ogre is nearby!
The ogre shouts!
Casting: Scorch (safe; 1% risk of failure)
Confirm with . or Enter, or press ? or * to list all spells.
You can't see any susceptible monsters within range! (Use Z to cast anyway.)
An ufetubus comes into view.
You see here a scroll of teleportation {@r4}.
Casting: Scorch (safe; 1% risk of failure)
Confirm with . or Enter, or press ? or * to list all spells.
Flames lash the ogre.
The ogre's fire resistance burns away.
The ufetubus shouts!
You hear a shout! 😎 MP[-2]
You lost 2 mp, and now have 15/17 mp.
There are monsters nearby!
Casting: Scorch (safe; 1% risk of failure)
Confirm with . or Enter, or press ? or * to list all spells.
Flames lash the ufetubus.
The ufetubus is burned terribly!
The ufetubus's fire resistance burns away.
The ogre hits you with a +0 giant club! The ufetubus completely misses you.
The ufetubus hits you. 😮 HP[-16] MP[-2]
You take 16 damage, and now have 20/36 hp.
MASSIVE DAMAGE!! (PAUSE)
You lost 2 mp, and now have 13/17 mp.
Casting: Scorch (safe; 1% risk of failure)
Confirm with . or Enter, or press ? or * to list all spells.
Flames lash the ufetubus.
The ufetubus is burned terribly!
You kill the ufetubus!
Vehumet accepts your kill.
You feel your power returning.
The ogre hits you with a +0 giant club!!
Ouch! That really hurt!
* * * LOW HITPOINT WARNING * * *
The ogre is no longer more vulnerable to fire.
The ogre hits you with a +0 giant club!
You die...

Skill      XL: |  1  2  3  4  5  6 |
---------------+-------------------+-----
Conjurations   | 2 4 5 |  5.9
Fire Magic     | 4 5 6 |  6.8
Spellcasting   | 4 5 |  5.8
Dodging        | |  2.4
Stealth        | |  2.4

Action                   |  1- 3 |  4- 6 |  7- 9 || total
-------------------------+-------+-------+-------++-------
 Cast: Foxfire           |    99 |    50 |     2 ||   151
       Scorch            |       |    37 |     9 ||    46
  Use: Scroll            |       |    15 |       ||    15
Armor: Robe              |     5 |     1 |     2 ||     8
Dodge: Dodged            |    10 |    22 |     2 ||    34

Levels and vault maps discovered:
D:1:      dpeg_arrival_court, layout_rooms,
          hellmonk_ecumenical_altar_dog_temple, minmay_cut_off
D:2:      minmay_roachtagon, layout_basic, basic_altar,
          small_statue_intersection
D:3:      kennysheep_big_flooded_room, layout_loops_ring,
          grunt_temple_overflow_growth_and_decay, dreamdust_divine_triumvirate
D:4:      layout_loops_ring, gammafunk_ghost_split, minmay_surrounded,
          uniq_edmund, uniq_eustachio, uniq_blork_the_orc
D:5:      layout_basic, nicolae_yredelemnul_corpse_copse, uniq_prince_ribbit1

Notes
Turn   | Place    | Note
-------+----------+-------------------------------------------
     0 | D:1      | kae the Deep Elf Fire Elementalist began the quest for the
                  | Orb.
     0 | D:1      | Reached XP level 1. HP: 10/10 MP: 6/6
     0 | D:1      | magus.rc [v1.11.3]
   236 | D:1      | Reached XP level 2. HP: 15/15 MP: 5/8
   401 | D:1      | magus.rc [v1.11.3]
   438 | D:1      | Reached skill level 2 in Conjurations
   445 | D:1      | You pick up a book of Vapours and begin reading...
   445 | D:1      | You add the spells Poisonous Vapours and Cigotuvi's
                  | Dreadful Rot to your library.
   559 | D:1      | Learned a level 2 spell: Scorch
   618 | D:1      | Reached XP level 3. HP: 11/19 MP: 4/9
   684 | D:1      | Found a faded altar of an unknown god.
   794 | D:1      | Reached skill level 4 in Fire Magic
  1093 | D:2      | Found a radiant altar of Vehumet.
  1174 | D:2      | Became a worshipper of Vehumet
  1520 | D:2      | Reached XP level 4. HP: 24/24 MP: 9/11
  1884 | D:3      | Learned a level 3 spell: Inner Flame
  1888 | D:3      | Learned a level 3 spell: Kindle Blastsparks
  2106 | D:3      | Found an ancient bone altar of Kikubaaqudgha.
  2118 | D:3      | Found a blossoming altar of Fedhas.
  2268 | D:3      | Found a glowing golden altar of the Shining One.
  2268 | D:3      | Found a white marble altar of Elyvilon.
  2270 | D:3      | Found a glowing silver altar of Zin.
  2306 | D:3      | Reached skill level 3 in Conjurations
  2619 | D:3      | Reached skill level 4 in Spellcasting
  3014 | D:4      | Found a runed translucent gate.
  3014 | D:4      | Found a runed translucent gate.
  3015 | D:4      | Found a runed translucent gate.
  3043 | D:4      | Noticed MoonlitKnight's ghost (amateur DEAE)
  3113 | D:4      | Noticed Edmund
  3172 | D:4      | Noticed a scorpion
  3212 | D:4      | Noticed Blork the orc
  3293 | D:4      | Reached * piety under Vehumet
  3293 | D:4      | Offered knowledge of Magic Dart by Vehumet.
  3295 | D:4      | Noticed Eustachio
  3347 | D:3      | Killed Eustachio
  3348 | D:3      | Reached skill level 4 in Conjurations
  3348 | D:3      | Reached skill level 5 in Fire Magic
  3348 | D:3      | Reached XP level 5. HP: 16/28 MP: 3/13
  3348 | D:3      | Reached XP level 6. HP: 19/32 MP: 3/14
  4185 | D:4      | Learned a level 4 spell: Flame Wave
  4202 | D:5      | Entered Level 5 of the Dungeon
  4227 | D:5      | Reached skill level 5 in Spellcasting
  4421 | D:5      | Reached skill level 5 in Conjurations
  4421 | D:5      | Reached skill level 6 in Fire Magic
  4421 | D:5      | Reached XP level 7. HP: 36/36 MP: 6/16
  4544 | D:5      | Noticed Prince Ribbit
  4553 | D:5      | Killed Prince Ribbit
  4633 | D:5      | HP: 2/36 [ogre/+0 giant club (18)]
  4634 | D:5      | Mangled by an ogre

Vanquished Creatures
  Prince Ribbit (D:5)
  Eustachio (D:3)
  An ice beast (D:5)
  An ogre (D:5)
  A necrophage (D:5)
  A scorpion (D:4)
  A hound (D:5)
  An iguana (D:5)
  2 adders (D:4)
  2 ufetubi
  A worm (D:3)
  6 dart slugs
  9 orcs
  2 endoplasms
  13 giant cockroaches
  7 goblins
  5 hobgoblins
  6 jackals (D:1)
  5 kobolds
  3 quokkas
  4 ball pythons
  10 bats
  2 frilled lizards
  6 rats
91 creatures vanquished.

Vanquished Creatures (others)
  256 foxfires
256 creatures vanquished.

Grand Total: 347 creatures vanquished

Table legend:
 A = Non-vault XP
 B = Vault XP
 C = Vault XP percentage of total XP
 D = Non-vault monster count
 E = Vault monster count
 F = Vault count percentage of total count
                 A         B        C        D         E       F
            +---------+---------+-------+---------+---------+-------
      Total |     589 |     578 |  49.5 |      68 |      23 |  25.3
            +---------+---------+-------+---------+---------+-------
        D:1 |      56 |      11 |  16.4 |      29 |       6 |  17.1
        D:2 |      14 |      18 |  56.2 |       9 |       9 |  50.0
        D:3 |      41 |     206 |  83.4 |      14 |       3 |  17.6
        D:4 |      47 |      92 |  66.2 |       9 |       4 |  30.8
        D:5 |     431 |     251 |  36.8 |       7 |       1 |  12.5
            +---------+---------+-------+---------+---------+-------

Illustrated notes

Table legend:
 A = Kills in this place as a percentage of kills in entire the game.
 B = Kills by you in this place as a percentage of kills by you in the entire game.
 C = Kills by friends in this place as a percentage of kills by friends in the entire game.
 D = Other kills in this place as a percentage of other kills in the entire game.
 E = Experience gained in this place as a percentage of experience gained in the entire game.
 F = Experience gained in this place divided by the number of levels of this place that you have seen.
                   A       B       C       D       E      F
               +-------+-------+-------+-------+-------+----------------------
         Total | 100.0 | 100.0 |   N/A |   N/A | 100.0 | 233.4
       Dungeon | 100.0 | 100.0 |   N/A |   N/A | 100.0 | 233.4
               +-------+-------+-------+-------+-------+----------------------

Table legend: (Time is in decaauts)
 A = Elapsed time spent in this place.
 B = Non-inter-level travel time spent in this place.
 C = Inter-level travel time spent in this place.
 D = Time resting spent in this place.
 E = Time spent auto-exploring this place.
 F = Levels seen in this place.
 G = Mean time per level.
                   A        B        C        D        E       F      G
               +--------+--------+--------+--------+--------+-----+--------+
         Total |   4633 |   4531 |    102 |     72 |   3845 |   5 |  926.6 |
       Dungeon |   4633 |   4531 |    102 |     72 |   3845 |   5 |  926.6 |
               +--------+--------+--------+--------+--------+-----+--------+

Top non-repeatable levels by time:
     D:3: 1182 daAuts
     D:4: 1141 daAuts
     D:1: 1081 daAuts
     D:2: 797 daAuts
     D:5: 431 daAuts
